Map: Eternal Empire LE

Players

KingArthur

  • Race: Zerg Zerg
  • League: Silver
  • Spawn Location: 1:00

Rudedog - Winner!

  • Race: Terran Terran
  • League: Silver
  • Spawn Location: 7:00

VOD

Have the link to the VOD?

Description

Time

  • Played on: Sept. 9, 2020, 5:57 p.m.
  • Length: 6:27
Show
View Real Time Build Order
Export as new Build Order

KingArthur Zerg 

Build Orders: Hatch First, Zergling Baneling 

Get SALT Encoding   

  12  0:11  Drone  
  13  0:16  Overlord  
  13  0:22  Drone  
  14  0:37  Drone  
  14  0:38  Drone  
  16  0:53  Hatchery  
  16  0:56  Drone  
  16  0:59  Drone  
  17  1:06  Drone  
  17  1:09  Extractor  
  17  1:22  Spawning Pool  
  16  1:27  Drone  
  16  1:28  Drone  
  18  1:38  Drone  
  19  2:09  Queen  
  19  2:11  Queen  
  19  2:14  Metabolic Boost  
  23  2:19  Zergling x8  
  27  2:28  Overlord x2  
  27  2:37  Baneling Nest  
  27  2:39  Zergling x4  
  28  2:59  Zergling x2  
  28  3:00  Zergling x6  
  32  3:26  Zergling x18  
  41  3:39  Zergling x4  
  43  3:48  Overlord  
  43  3:49  Zergling x2  
  44  4:06  Overlord  
  44  4:07  Overlord  
  44  4:18  Baneling  
  44  4:19  Baneling x7  
  44  4:24  Zergling x6  
  47  4:34  Zergling x6  
  45  4:46  Zergling x8  
  45  4:59  Zergling x6  
  43  5:05  Zergling x4  
  40  5:12  Zergling x4  
  35  5:26  Zergling x8  
  39  5:31  Zergling x2  
  40  5:41  Zergling x6  
  43  5:50  Baneling  
  43  5:51  Baneling x5  
  36  6:04  Zergling x2  
  36  6:05  Zergling x6  
  36  6:10  Zergling x2  
Show
View Real Time Build Order
Export as new Build Order

Rudedog Terran - Winner!

Build Orders:  

Get SALT Encoding   

  12  0:03  SCV  
  13  0:15  Refinery  
  13  0:16  SCV  
  14  0:28  Refinery  
  14  0:29  SCV  
  15  0:38  Supply Depot  
  15  0:48  Supply Depot  
  15  1:00  SCV  
  15  1:04  Engineering Bay  
  16  1:12  SCV  
  17  1:35  Planetary Fortress  
  17  1:48  Barracks  
  17  2:20  SCV  
  18  2:32  SCV  
  18  2:36  Barracks Reactor  
  19  2:44  SCV, Bunker  
  20  2:55  Neosteel Armor  
  20  2:56  SCV  
  21  3:08  SCV  
  22  3:14  Marine x2  
  24  3:20  SCV  
  25  3:28  Supply Depot  
  25  3:32  SCV, Marine x2  
  27  4:13  Marine  
  28  4:31  Marine  
  28  4:32  Marine  
  30  4:49  Marine  
  30  4:50  Marine  
  25  5:07  Marine  
  25  5:08  Marine  
  27  5:23  Factory  
  27  5:25  Marine  
  27  5:26  Marine  
  27  5:28  Command Center  
  29  5:43  Marine  
  29  5:44  Marine  
  24  6:27  Factory Tech Lab  
Tags
 
Add a new tag
Caveats
  • Supply blocks, unpowered buildings, or Contaminate may cause inaccurate times.
  • Supply counts are checked every 10 seconds.